 Dungeon Crawl Stone Soup version 0.17-a0-2122-g03d97ec (webtiles) character file.

1188 esc the Insei (level 8, 0/54 HPs)
             Began as an Octopode Transmuter on Oct 21, 2015.
             Killed from afar by tp1's ghost (25 damage)
             ... with an orb of energy
             ... on level 6 of the Dungeon.
             The game lasted 00:17:13 (6922 turns).

esc the Insei (Octopode Transmuter)                 Turns: 6922, Time: 00:17:13

Health: 0/54       AC:  2    Str:  9    XL:     8   Next: 43%
Magic:  12/14      EV: 23    Int: 17    God:
Gold:   98         SH:  0    Dex: 18    Spells: 2 memorised, 11 levels left

rFire  . . .     SeeInvis .       - Unarmed
rCold  . . .     Clarity  .     (shield currently unavailable)
rNeg   + . .     SustAt   .     (helmet currently unavailable)
rPois  .         Gourm    .     f - amulet of warding {Ward, rN+, !d}
rElec  .         Spirit   .     r - ring of poison resistance {rPois, !d}
rCorr  .         Warding  +     (no ring)
rMut   .         Stasis   .     (no ring)
MR     .....                    (no ring)
Stlth  ++........               (no ring)
                                (no ring)
                                (no ring)
                                (no ring)

@: spider-form (expiring), not resistant to hostile enchantments, unstealthy
A: almost no armour, amphibious, 8 rings, (constrict 8), (camouflage 0),
(gelatinous body 0)
a: End Transformation


You were on level 6 of the Dungeon.
You were not hungry.
You were a venomous arachnid creature.
You visited 1 branch of the dungeon, and saw 6 of its levels.

You collected 189 gold pieces.
You spent 91 gold pieces at shops.

Inventory:

Missiles
 a - 31 arrows
 l - a throwing net {=f, !d}
 q - 4 tomahawks (quivered)
 y - 17 poisoned arrows
Jewellery
 f - an amulet of warding (around neck) {Ward, rN+, !d}
   (You found it on level 3 of the Dungeon)
 r - a ring of poison resistance (left front leg) {rPois, !d}
   (You found it on level 4 of the Dungeon)
Wands
 g - a wand of draining (15)
   (You found it on level 4 of the Dungeon)
 n - a wand of paralysis (16)
   (You found it on level 3 of the Dungeon)
Scrolls
 e - 2 scrolls of enchant weapon
 s - 2 scrolls of teleportation
 t - a scroll of enchant armour
Potions
 d - a potion of heal wounds {unknown}
 i - 2 potions of brilliance
 j - a potion of resistance
 k - 3 potions of curing
 m - 2 potions of magic
 o - 3 potions of flight
 p - 2 potions of cancellation
 w - a potion of ambrosia {unknown}
Books
 b - a book of Changes
Comestibles
 c - 5 bread rations {@e1}
 h - a meat ration {@e2}
 u - 7 chunks of flesh {@w0}
 v - a slice of pizza
 x - 2 fruits


   Skills:
 + Level 4.2 Fighting
 + Level 4.7 Dodging
 + Level 5.4 Unarmed Combat
 + Level 4.3 Spellcasting
 + Level 4.7 Transmutations


You had 11 spell levels left.
You knew the following spells:

 Your Spells              Type           Power        Failure   Level  Hunger
a - Beastly Appendage     Trmt           ###...       10%         1    None
c - Spider Form           Trmt/Pois      ##........   41%         3    ###....


Dungeon Overview and Level Annotations

Branches:
Dungeon (6/15)
 Temple: D:4-7

Altars:
Okawaru
Qazlal
Ru
Xom

Shops:
D:4 ?

Annotations:
D:2 exclusion: adder, Sigmund
D:6 exclusion: Menkaure, Menkaure; tp1's ghost, novice DECj


Innate Abilities, Weirdness & Mutations

You cannot wear most types of armour.
You are amphibious.
You can wear up to eight rings at the same time.
((You can use your tentacles to constrict eight enemies at once.))
((Your skin changes colour to match your surroundings (Stealth).))
((Your rubbery body absorbs attacks (AC +1).))


Message History

a dagger; a chain mail; a dagger; a leather armour; an orc corpse You take 1 damage, and have 50/54 hp.
You bite the orc!
You kill the orc!
Your transformation is almost over.
Some of the chunks of flesh in your inventory have rotted away.
Items here: )) [[ † a dagger; a chain mail; a dagger; a leather armour; an orc corpse You butcher the orc corpse.
u - 9 chunks of flesh {@w0} (gained 4)
Items here: )) [[ a dagger; a chain mail; a dagger; a leather armour There isn't anything to butcher here.
Found a sacrificial altar of Ru.
Your transformation has ended.
MP restored: 14
y - 17 poisoned arrows Health restored: 54 Eating one of 9 chunks of flesh {@w0}.
You continue eating. x2
Found a stone staircase leading up.
You now have 98 gold pieces (gained 18).
An orc comes into view. It is wielding a short sword.
The orc shouts!
An iguana comes into view.
You closely miss the orc. You grab the orc.
You constrict the orc, but do no damage.
The orc hits you with a short sword.
You take 3 damage, and have 51/54 hp.
You tentacle-slap the orc.
You constrict the orc, but do no damage.
The orc barely misses you.
You completely miss the orc. You constrict the orc.
The iguana closely misses you. The orc hits you with a short sword.
You take 1 damage, and have 50/54 hp.
You tentacle-slap the orc.
You kill the orc!
The iguana bites you!
You take 8 damage, and have 42/54 hp.
You tentacle-slap the iguana. You grab the iguana.
You tentacle-slap the iguana. You constrict the iguana.
The iguana closely misses you.
You tentacle-slap the iguana. You constrict the iguana.
The iguana completely misses you.
You tentacle-slap the iguana but do no damage.
You constrict the iguana. The iguana barely misses you.
You tentacle-slap the iguana. Your squeeze misses the iguana.
You constrict the iguana. The iguana barely misses you.
You tentacle-slap the iguana.
You constrict the iguana, but do no damage.
You tentacle-slap the iguana but do no damage.
You constrict the iguana.
You kill the iguana!
No target in view!
Things that are here:
a short sword; a leather armour There isn't anything to butcher here.
You see here an iguana corpse.
You butcher the iguana corpse.
u - 11 chunks of flesh {@w0} (gained 3)
You start resting.
Some of the chunks of flesh in your inventory have rotted away.
Health restored: 54 Tp1's ghost (novice Deep Elf Conjurer) comes into view.
Here: tp1's ghost (hasn't noticed you)
The floor.
You turn into a venomous arachnid creature.
Tp1's ghost turns its malevolent gaze towards you.
You now have 11/14 mp.
Tp1's ghost gestures at you while chanting.
The orb of energy hits you!
The orb of energy explodes!
You take 10 damage, and have 44/54 hp.
Tp1's ghost completely misses you.
You completely miss tp1's ghost. Tp1's ghost casts a spell at you.
The magic dart hits you!
You take 3 damage, and have 41/54 hp.
You bite tp1's ghost! Tp1's ghost barely misses you.
You hit tp1's ghost. Tp1's ghost closely misses you.
You barely miss tp1's ghost. Tp1's ghost closely misses you.
You barely miss tp1's ghost.
Your transformation is almost over.
Tp1's ghost screams, "Zot is a myth, the ORB is a fable, you'll soon be a tale!"
Tp1's ghost hits you.
You take 3 damage, and have 39/54 hp.
You hit tp1's ghost.
Tp1's ghost points at you and mumbles some strange words.
The magic dart hits you!
You take 9 damage, and have 30/54 hp.
You hit tp1's ghost but do no damage. You hit tp1's ghost but do no damage.
Tp1's ghost hits you.
You take 2 damage, and have 28/54 hp.
You hit tp1's ghost but do no damage. Tp1's ghost casts a spell at you.
The magic dart hits you!
You take 3 damage, and have 25/54 hp.
You bite tp1's ghost! Tp1's ghost casts a spell at you.
The orb of energy hits you!
You die...

..#######################
(........................
.........................
.........########...#####
.........####.......#
##.................#
...............)....#####
.##.####.####...........<
#.....s# #......####..
#.....W# ####...#
#......# ##..## #......#
#...# #.####.# ##..## #.
#.# #...# # #.# ####..##
#.# #......# #......#


You could see tp1's ghost.

Vanquished Creatures
  An ice beast (D:6)
  A sky beast (D:3)
  2 ogres
  A scorpion (D:5)
  A centaur skeleton (D:6)
  2 orc priests (D:4)
  A gnoll shaman (D:4)
  A hound (D:5)
  5 orc wizards
  Natasha (D:2)
  3 iguanas
  4 worker ants
  A hound zombie (D:5)
  Robin (D:3)
  5 gnolls
  8 adders
  3 worms (D:3)
  7 giant geckos
  25 orcs
  2 giant cockroaches
  16 goblins
  9 hobgoblins
  8 jackals
  11 kobolds
  A quokka (D:4)
  3 ball pythons
  9 bats
  A giant gecko skeleton (D:4)
  12 giant newts
  5 rats
150 creatures vanquished.

Vanquished Creatures (others)
  5 sheep (D:5)
5 creatures vanquished.

Grand Total: 155 creatures vanquished

Notes
Turn   | Place    | Note
--------------------------------------------------------------
     0 | D:1      | esc the Octopode Transmuter began the quest for the Orb.
     0 | D:1      | Reached XP level 1. HP: 13/13 MP: 3/3
    97 | D:1      | Reached XP level 2. HP: 16/18 MP: 3/5
   823 | D:2      | Noticed Natasha
   901 | D:2      | Reached XP level 3. HP: 23/23 MP: 6/6
   993 | D:2      | HP: 5/23 [poisoned by an adder]
  1000 | D:2      | HP: 3/23 [poisoned by an adder]
  1008 | D:2      | HP: 2/23 [poisoned by an adder]
  1307 | D:2      | Reached XP level 4. HP: 24/28 MP: 5/7
  1365 | D:2      | Noticed Robin
  1374 | D:2      | HP: 4/29 [hobgoblin/club[Robin] (7)]
  1716 | D:2      | Found a stormy altar of Qazlal.
  2000 | D:2      | Noticed Sigmund
  2200 | D:2      | HP: 2/29 [Natasha/magic dart (8)]
  2201 | D:2      | Killed Natasha
  2201 | D:2      | Reached skill level 2 in Fighting
  2532 | D:3      | Reached XP level 5. HP: 30/34 MP: 9/9
  2754 | D:3      | Killed Robin
  2897 | D:3      | Reached skill level 3 in Dodging
  2897 | D:3      | Reached skill level 3 in Spellcasting
  2897 | D:3      | Reached skill level 3 in Transmutations
  2912 | D:3      | Learned a level 3 spell: Spider Form
  3010 | D:3      | Reached skill level 4 in Unarmed Combat
  3155 | D:3      | Reached XP level 6. HP: 41/41 MP: 10/10
  3239 | D:3      | HP: 8/41 [something (6)]
  3239 | D:3      | HP: 3/41 [something (4)]
  3240 | D:3      | HP: 1/41 [something (3)]
  3245 | D:3      | HP: 7/41 [something (2)]
  3611 | D:3      | Noticed a sky beast
  3791 | D:2      | Reached skill level 3 in Fighting
  3951 | D:3      | Killed a sky beast
  4175 | D:4      | Reached XP level 7. HP: 27/46 MP: 9/12
  4188 | D:4      | HP: 11/46 [poisoned by a worker ant]
  4194 | D:4      | HP: 8/46 [poisoned by a worker ant]
  4201 | D:4      | HP: 6/46 [poisoned by a worker ant]
  4208 | D:4      | HP: 5/46 [poisoned by a worker ant]
  4216 | D:4      | HP: 5/46 [poisoned by a worker ant]
  4671 | D:4      | HP: 10/46 [giant gecko (2)]
  4983 | D:4      | Found Reomeere's Magic Scroll Emporium.
  4992 | D:4      | Bought a scroll of identify for 26 gold pieces
  4992 | D:4      | Bought a scroll of teleportation for 39 gold pieces
  4992 | D:4      | Bought a scroll of identify for 26 gold pieces
  5305 | D:4      | Reached skill level 4 in Transmutations
  5426 | D:5      | Entered Level 5 of the Dungeon
  5552 | D:5      | Reached skill level 4 in Dodging
  5784 | D:5      | HP: 8/47 [ice beast (14)]
  6123 | D:5      | Reached skill level 5 in Unarmed Combat
  6125 | D:5      | Reached XP level 8. HP: 48/54 MP: 13/13
  6131 | D:5      | Reached skill level 4 in Fighting
  6131 | D:5      | Reached skill level 4 in Spellcasting
  6230 | D:5      | Found a shimmering altar of Xom.
  6464 | D:6      | Noticed Menkaure
  6548 | D:6      | Found an iron altar of Okawaru.
  6783 | D:6      | Found a sacrificial altar of Ru.
  6907 | D:6      | Noticed tp1's ghost (novice DECj)
  6922 | D:6      | Killed from afar by tp1's ghost

Vault maps used:
D:1:      dpeg_arrival_stone_temple_mockup
D:2:      first_bread, grunt_qazlal_sundering, uniq_natasha, uniq_robin,
          uniq_sigmund
D:4:      serial_shops, shop
D:5:      kb_xom_exploding_sheep
D:6:      nicolae_ru_path_of_blood, minivault_4, nicolae_lava_and_water,
          okawaru_trees_2, uniq_menkaure

Action                   |  1- 3 |  4- 6 |  7- 9 || total
-------------------------+-------+-------+-------++-------
Melee: Unarmed           |    69 |   174 |   173 ||   416
 Cast: Beastly Appendage |     8 |    10 |     2 ||    20
       Spider Form       |       |     8 |    15 ||    23
  Use: Scroll            |       |     8 |     5 ||    13
       Potion            |       |     1 |       ||     1
 Stab: Sleeping          |     7 |     2 |     1 ||    10
  Eat: Chunk             |     1 |     9 |     7 ||    17
       Beef jerky        |       |     1 |     1 ||     2
       Royal jelly       |       |       |     1 ||     1

Vault maps used:
D:1:      dpeg_arrival_stone_temple_mockup
D:2:      first_bread, grunt_qazlal_sundering, uniq_natasha, uniq_robin,
          uniq_sigmund
D:4:      serial_shops, shop
D:5:      kb_xom_exploding_sheep
D:6:      nicolae_ru_path_of_blood, minivault_4, nicolae_lava_and_water,
          okawaru_trees_2, uniq_menkaure

Table legend:
 A = Turns spent in this place as a percentage of turns spent in the entire game.
 B = Non-inter-level travel turns spent in this place as a percentage of non-inter-level travel turns spent in the entire game.
 C = Inter-level travel turns spent in this place as a percentage of turns spent in this place.
 D = Turns resting spent in this place as a percentage of non-inter-level travel turns spent in this place.
 E = Turns spent auto-exploring this place as a percentage of non-inter-level travel turns spent in this place.
 F = Non-inter-level travel turns spent in this place divided by the number of levels of this place that you've seen.
                   A       B       C       D       E      F
               +-------+-------+-------+-------+-------+----------------------
         Total | 100.0 | 100.0 |   0.5 |   3.6 |   9.7 | 247.5
       Dungeon | 100.0 | 100.0 |   0.5 |   3.6 |   9.7 | 247.5
               +-------+-------+-------+-------+-------+----------------------

Table legend:
 A = Kills in this place as a percentage of kills in entire the game.
 B = Kills by you in this place as a percentage of kills by you in the entire game.
 C = Kills by friends in this place as a percentage of kills by friends in the entire game.
 D = Other kills in this place as a percentage of other kills in the entire game.
 E = Experience gained in this place as a percentage of experience gained in the entire game.
 F = Experience gained in this place divided by the number of levels of this place that you have seen.
                   A       B       C       D       E      F
               +-------+-------+-------+-------+-------+----------------------
         Total | 100.0 | 100.0 |  -nan |  -nan | 100.0 | 283.0
       Dungeon | 100.0 | 100.0 |  -nan |  -nan | 100.0 | 283.0
               +-------+-------+-------+-------+-------+----------------------
